 Dungeon Crawl Stone Soup version 0.30-b1-5-g8e6c1be481 (webtiles) character file.

Game seed: 4395563123798270150

693 RascalDebosk the Magician (level 7, -6/53 HPs)
             Began as a Djinni Conjurer on May 4, 2023.
             Mangled by an ice beast (7 damage)
             ... on level 5 of the Dungeon.
             The game lasted 00:22:55 (4030 turns).

RascalDebosk the Magician (Djinni Conjurer)         Turns: 4030, Time: 00:22:56

Health: -6/53      AC:  4    Str:  6    XL:     7   Next: 96%
Gold:   225        EV: 11    Int: 22    God:
                   SH:  5    Dex: 11

rFire   + + .        l - +2 rapier (venom)
rCold   x . .        (no shield)
rNeg    + . .        e - +0 leather armour
rPois   ∞            g - +0 hat
rElec   .            (no cloak)
rCorr   .            p - +0 pair of gloves
SInv    .            (boots unavailable)
Will    .....        h - amulet of reflection
Stlth   +            f - ring of positive energy
HPRegen 0.28/turn    (no ring)
MPRegen 0.00/turn

%: reflection, infuse magic (-7 HP)
@: flying, very slightly contaminated
A: sickness immunity, fire resistance 2, cold vulnerability 1, float, innate
caster, HP casting, extra vitality 1
a: no special abilities


You were on level 5 of the Dungeon.
You visited 2 branches of the dungeon, and saw 6 of its levels.

You collected 225 gold pieces.

Inventory:

Hand Weapons
 l - a +2 rapier of venom (weapon)
Armour
 a - a +0 robe
 e - a +0 leather armour (worn)
 g - a +0 hat (worn)
 p - a +0 pair of gloves (worn)
 s - a +0 ring mail
Jewellery
 f - a ring of positive energy (left hand)
 h - an amulet of reflection (around neck)
Wands
 n - a wand of digging (3)
 v - a wand of acid (7)
Scrolls
 b - a scroll of teleportation {unknown}
 c - 4 scrolls of identify {unknown}
 i - a scroll of immolation {unknown}
 j - a scroll of fog {unknown}
 o - a scroll of magic mapping {unknown}
 r - 2 scrolls of summoning {unknown}
 t - a scroll of enchant armour {unknown}
Potions
 d - 4 potions of curing {unknown}
 k - 2 potions of lignification {unknown}
 m - 4 potions of heal wounds {unknown}
 q - a potion of invisibility {unknown}
 u - a potion of degeneration {unknown}
 w - 2 potions of ambrosia {unknown}


   Skills:
 * Level 4.9 Fighting
 + Level 3.3 Armour
 - Level 2.1 Dodging
 - Level 1.5 Stealth
 * Level 5.1 Spellcasting


You knew the following spells:

 Your Spells              Type           Power      Damage    Failure   Level
a - Magic Dart            Conj           100%       1d8       1%          1
b - Searing Ray           Conj           56%        2d6       2%          2
c - Dazzling Flash        Conj/Hex       56%        N/A       5%          3
d - Fulminant Prism       Conj/Hex       14%        3d8       19%         4
e - Iskenderun's Mystic   Conj/Tloc      28%        2d7       19%         4
f - Foxfire               Conj/Fire      100%       2x1d9     1%          1
g - Passwall              Tmut/Erth      23%        N/A       2%          2
h - Summon Guardian Gole  Hex/Summ       28%        N/A       5%          3
Your spell library was empty.

Dungeon Overview and Level Annotations

Branches:
Dungeon (5/15)             Temple (1/1) D:4

Altars:
Dithmenos
Elyvilon
Fedhas
Nemelex Xobeh
Okawaru
Ru
Trog
Uskayaw
Wu Jian
Xom
Yredelemnul
Zin


Innate Abilities, Weirdness & Mutations

You are immune to sickness and miasma.
You are immune to poison.
Your flesh is very heat resistant. (rF++)
You are vulnerable to cold. (rC-)
You float through the air rather than walking.
You learn spells naturally, not from books.
Your magical power is your life essence.
You have superior vitality. (+4 MHP)


Message History

Aiming: Searing Ray (safe; 2% risk of failure)
Press: ? - help, Shift-Dir - straight line, f/p - quokka
Aim: a quokka (heavily wounded, 71% to hit)
The searing ray misses the quokka. (Press . to maintain the ray.)
* * * LOW HITPOINT WARNING * * *
The searing ray hits the quokka.
The quokka is almost dead.
* * * LOW HITPOINT WARNING * * *
The searing ray hits the quokka.
You kill the quokka!
* * * LOW HITPOINT WARNING * * *
w - 2 lumpy amethyst potions
Things that are here:
a +0 dagger; a +0 leather armour You now have 225 gold pieces (gained 15).
Found an escape hatch in the floor.
k - 2 viscous silvery potions (gained 1)
You see here a +0 rapier.
m - 4 orange potions (gained 1)
Found a basalt altar of Yredelemnul.
Things that are here:
a +0 trident; a +0 ring mail You see here a +0 mace.
You see here a +0 scimitar.
You see here a +0 flail.
You see here a +0 whip.
You see here a +0 spear.
Things that are here:
a +0 whip; a +0 whip; a +0 leather armour Done exploring.
There is a stone staircase leading up here.
There is a stone staircase leading down here.
You fly downwards.
There is a stone staircase leading up here.
An ice beast comes into view.
Casting: Searing Ray (safe; 2% risk of failure)
Confirm with . or Enter, or press ? or * to list all spells.
You can't see any susceptible monsters within range! (Use Z to cast anyway.)
Casting: Searing Ray (safe; 2% risk of failure)
Confirm with . or Enter, or press ? or * to list all spells.
Aiming: Magic Dart (safe; 1% risk of failure)
Press: ? - help, Shift-Dir - straight line, f - ice beast
Aim: an ice beast (100% to hit)
The magic dart hits the ice beast but does no damage.
Casting: Magic Dart (safe; 1% risk of failure)
Confirm with . or Enter, or press ? or * to list all spells.
Aiming: Searing Ray (safe; 2% risk of failure)
Press: ? - help, Shift-Dir - straight line, f/p - ice beast
Aim: an ice beast (79% to hit)
The searing ray hits the ice beast but does no damage. (Press . to maintain the ray.)
The searing ray hits the ice beast.
The ice beast is lightly wounded.
The searing ray hits the ice beast.
The ice beast is lightly wounded.
The searing ray misses the ice beast.
You finish channelling your searing ray.
The ice beast closely misses you.
Casting: Searing Ray (safe; 2% risk of failure)
Confirm with . or Enter, or press ? or * to list all spells.
The spell is quite dangerous to miscast (19% risk of failure)!
Continue anyway? [Y]es or [N]o only, please.
The spell is quite dangerous to miscast (19% risk of failure)!
Continue anyway?
You erupt in a blast of force!
The mystic blast hits the ice beast.
The ice beast is moderately wounded.
The ice beast hits you. The ice beast freezes you!!
You feel a terrible chill!
* * * LOW HITPOINT WARNING * * *
The ice beast hits you but does no damage.
Casting: Iskenderun's Mystic Blast (quite dangerous; 19% risk of failure)
Confirm with . or Enter, or press ? or * to list all spells.
The spell is quite dangerous to miscast (19% risk of failure)!
Continue anyway?
You miscast Iskenderun's Mystic Blast.
You are very lightly contaminated with residual magic.
Nothing appears to happen.
* * * LOW HITPOINT WARNING * * *
You block the ice beast's attack.
Casting: Iskenderun's Mystic Blast (quite dangerous; 19% risk of failure)
Confirm with . or Enter, or press ? or * to list all spells.
The spell is quite dangerous to miscast (19% risk of failure)!
Continue anyway?
You erupt in a blast of force!
The mystic blast hits the ice beast.
The ice beast is heavily wounded.
The ice beast is knocked back by the mystic blast.
* * * LOW HITPOINT WARNING * * *
You block the ice beast's attack.
You hit the ice beast.
The ice beast is heavily wounded.
The ice beast hits you but does no damage.
You hit the ice beast but do no damage.
The ice beast is heavily wounded.
The ice beast hits you.
* * * LOW HITPOINT WARNING * * *
The ice beast freezes you!
You feel a terrible chill!
* * * LOW HITPOINT WARNING * * *
You hit the ice beast.
The ice beast is poisoned.
The ice beast is severely wounded.
The ice beast hits you.
* * * LOW HITPOINT WARNING * * *
The ice beast freezes you!
You feel a terrible chill!
You die...

#### ... #.. #..
.. #..######.#.
##.##.Y#........
.......@........
##.#####.######
#.#...# #.#.#.#
#.#.#.# #.#.#.#
#.#.#.# #.#<#.#
#.###.#


You could see an ice beast (very poisoned).

Vanquished Creatures
  A black bear (D:4)
  A phantom (D:4)
  A scorpion (D:4)
  A gnoll bouda (D:4)
  2 orc priests (D:4)
  4 hounds
  A sleepcap (D:4)
  Natasha (thrice) (D:2)
  6 gnolls
  2 adders
  3 worms
  4 dart slugs
  2 orcs (D:4)
  4 ball pythons
  4 bats
  5 endoplasms
  6 giant cockroaches
  4 goblins
  3 hobgoblins
  10 kobolds
  6 quokkas
  2 frilled lizards
  10 rats
85 creatures vanquished.

Vanquished Creatures (others)
  4 foxfires (D:1)
  6 fulminant prisms
10 creatures vanquished.

Grand Total: 95 creatures vanquished

Notes
Turn   | Place    | Note
-------+----------+-------------------------------------------
     0 | D:1      | RascalDebosk the Djinni Conjurer began the quest for the
                  | Orb.
     0 | D:1      | RascalDebosk set off with the following spells memorised:
                  | Magic Dart, Searing Ray, Dazzling Flash, Fulminant Prism,
                  | Iskenderun's Mystic Blast.
     0 | D:1      | Reached XP level 1. HP: 15/15 MP: 0/0
    75 | D:1      | Reached XP level 2. HP: 18/22 MP: 0/0
   190 | D:1      | You are sucked into a shaft and drop 1 floor!
   201 | D:2      | Reached skill level 1 in Fighting
   527 | D:1      | Reached XP level 3. HP: 26/27 MP: 0/0
   527 | D:1      | Learned a level 1 spell: Foxfire
   718 | D:1      | Reached skill level 1 in Armour
   739 | D:1      | Found a faded altar of an unknown god.
   990 | D:2      | Noticed Natasha
  1173 | D:2      | Killed Natasha
  1174 | D:2      | Reached XP level 4. HP: 27/33 MP: 0/0
  1476 | D:2      | Noticed Natasha
  1480 | D:2      | Killed Natasha
  1484 | D:2      | Noticed Natasha
  1487 | D:2      | Killed Natasha
  1488 | D:2      | Reached skill level 4 in Spellcasting
  1488 | D:2      | Reached XP level 5. HP: 22/39 MP: 0/0
  1488 | D:2      | Learned a level 2 spell: Passwall
  1598 | D:2      | Found an ornate altar of the Wu Jian Council.
  2480 | D:3      | Reached XP level 6. HP: 35/46 MP: 0/0
  2850 | D:4      | Found a staircase to the Ecumenical Temple.
  2906 | Temple   | Entered the Ecumenical Temple
  3139 | D:4      | Reached XP level 7. HP: 40/52 MP: 0/0
  3139 | D:4      | Learned a level 3 spell: Summon Guardian Golem
  3361 | D:4      | Found a sacrificial altar of Ru.
  3526 | D:4      | Found a white marble altar of Elyvilon.
  3593 | D:4      | Reached skill level 5 in Spellcasting
  3879 | D:4      | Found a basalt altar of Yredelemnul.
  3993 | D:5      | Entered Level 5 of the Dungeon
  4030 | D:5      | HP: 1/53 [ice beast (3)]
  4030 | D:5      | Mangled by an ice beast

Illustrated notes

Levels and vault maps discovered:
D:1:      tarquinn_simple_flora_water_c, layout_basic,
          shapermc_ecumenical_altar_notcrosses
D:2:      layout_basic, basic_altar, serial_co_window_serial, co_window_paths_a,
          co_window_paths_a, co_window_of_opportunity_a, co_window_corner_a,
          co_window_cross_1, co_window_unsneaky_path_d, co_window_broadway_a,
          co_window_unsneaky_path_b, co_window_corner_ca, co_window_4corner_a,
          co_window_paths_d, glass_columns_b, glass_columns_a, glass_columns_a,
          glass_columns_c, uniq_natasha
D:3:      layout_basic, st_stairs_10, cheibrodos_gnoll_hut
D:4:      layout_cave_pods, kennysheep_ying_yang,
          mainiacjoe_overflow_tiny_flanked, minmay_temple_entry_mist,
          minmay_distorted
D:5:      layout_basic, nzn_wu_jian_contemplation
Temple:   hellmonk_temple_forest_ring

Skill      XL: |  1  2  3  4  5  6  7 |
---------------+----------------------+-----
Fighting       | 1 2 3 4 |  4.9
Armour         | 1 2 3 |  3.3
Spellcasting   | 4 5 |  5.1
Dodging        | |  2.1
Stealth        | |  1.5

Action                     |  1- 3 |  4- 6 |  7- 9 || total
---------------------------+-------+-------+-------++-------
  Melee: Rapier            |     6 |    24 |     3 ||    33
         Punch             |       |     1 |       ||     1
   Cast: Magic Dart        |    47 |    44 |    12 ||   103
         Searing Ray       |     2 |     5 |     7 ||    14
         Foxfire           |     2 |       |       ||     2
         Fulminant Prism   |       |     3 |     3 ||     6
         Iskenderun's Myst |       |     1 |     3 ||     4
         Summon Guardian G |       |       |     1 ||     1
   Stab: Sleeping          |       |     1 |       ||     1
 Armour: Robe              |     2 |     3 |       ||     5
         Leather armour    |       |     5 |     5 ||    10
  Dodge: Dodged            |     8 |    18 |     7 ||    33
  Block: Other             |     3 |     6 |     6 ||    15
         Reflection        |       |     1 |       ||     1
